 Dungeon Crawl Stone Soup version 0.29.1-12-g30fa7ad0bf (webtiles) character file.

Game seed: 5025739719786933044

17698 sweetbreads the Bewitcher (level 12, -8/61 HPs)
             Began as a Spriggan Enchanter on Jan 6, 2023.
             Mangled by a minotaur (29 damage)
             ... in a Gauntlet.
             The game lasted 01:27:35 (20542 turns).

sweetbreads the Bewitcher (Spriggan Enchanter)     Turns: 20542, Time: 01:27:35

Health: -8/61      AC:  5    Str:  4      XL:     12   Next: 21%
Magic:  15/19      EV: 22    Int: 20 (23) God:
Gold:   394        SH:  5    Dex: 17      Spells: 8/19 levels left

rFire   + . .      SeeInvis +   a - +7 rapier of the Inviting Gods {venom, rN+}
rCold   + . .      Faith    .   (no shield)
rNeg    + . .      Spirit   .   A - +1 robe
rPois   .          Reflect  +   (helmet restricted)
rElec   .          Harm     .   B - +1 cloak {rCorr}
rCorr   +          Rampage  .   (gloves unavailable)
Will    ++...      NoTele   +   (boots unavailable)
Stlth   +++++.....              i - amulet of reflection
HPRegen 0.20/turn               f - ring of protection from fire
MPRegen 0.16/turn               R - ring of Syutib {+Blink rC+ rCorr Int+3 Stlth+}

@: very quick
A: very small, no large weapons, unfitting armour, see invisible, speed 3
a: Evoke Blink


You were in a Gauntlet.
You visited 3 branches of the dungeon, and saw 14 of its levels.
You also visited: Gauntlet.

You collected 931 gold pieces.
You spent 537 gold pieces at shops.

Inventory:

Hand Weapons
 a - the +7 rapier of the Inviting Gods (weapon) {venom, rN+}
   (You found it on level 4 of the Dungeon)

   It poisons the flesh of those it strikes.
   rN:        It protects you from negative energy.
 b - a +0 flail of protection
 k - a +1 dagger of venom
 n - a +2 short sword of draining
 r - a +2 dagger of distortion
Missiles
 g - 8 throwing nets
 l - 112 poisoned darts (quivered)
 N - 8 curare-tipped darts
Armour
 t - a +2 chain mail of fire resistance
 w - the +0 pair of boots "Wadweh" {Will- rCorr Str+5 Int+4}
   (You found it in a Gauntlet)

   Str:       It affects your strength (+5).
   Int:       It affects your intelligence (+4).
   rCorr:     It protects you from acid and corrosion.
   Will:      It decreases your willpower.
 A - a +1 robe (worn)
 B - a +1 cloak of preservation (worn)
Jewellery
 f - a ring of protection from fire (left hand)
 i - an amulet of reflection (around neck)
 v - the ring of Niterem {Will+ rCorr}
   (You found it in a Gauntlet)

   [ring of resist corrosion]

   rCorr:     It protects you from acid and corrosion.
   Will:      It increases your willpower.
 R - the ring of Syutib (right hand) {+Blink rC+ rCorr Int+3 Stlth+}
   (You found it on level 8 of the Dungeon)

   [ring of protection from cold]

   Int:       It affects your intelligence (+3).
   rC:        It protects you from cold.
   +Blink:    It lets you blink.
   rCorr:     It protects you from acid and corrosion.
   Stlth:     It makes you more stealthy.
Wands
 z - a wand of iceblast (16)
 C - a wand of polymorph (16)
 J - a wand of light (17)
 O - a wand of flame (43)
 S - a wand of charming (5)
 Z - a wand of digging (5)
Scrolls
 d - 2 scrolls of identify
 o - 8 scrolls of teleportation
 p - 2 scrolls of magic mapping
 s - 5 scrolls of fear
 L - 2 scrolls of blinking
Potions
 c - 4 potions of invisibility
 e - 8 potions of flight
 j - a potion of attraction {unknown}
 m - a potion of haste {unknown}
 q - a potion of mutation
 u - a potion of ambrosia {unknown}
 x - a potion of might
 F - 2 potions of berserk rage
 M - 2 potions of cancellation
 Q - 5 potions of curing


   Skills:
 * Level 6.2 Fighting
 - Level 8.0 Short Blades
 - Level 0.4 Throwing
 * Level 8.3 Dodging
 - Level 8.0 Stealth
 - Level 4.0 Spellcasting
 - Level 18.0 Hexes
 * Level 4.5 Translocations


You had 8 spell levels left.
You knew the following spells:

 Your Spells              Type           Power      Damage    Failure   Level
a - Ensorcelled Hibernat  Hex/Ice        80%        N/A       1%          2
b - Confusing Touch       Hex            66%        N/A       1%          3
c - Tukima's Dance        Hex            66%        N/A       1%          3
d - Portal Projectile     Hex/Tloc       98%        N/A       1%          3

Your spell library contained the following spells:

 Spells                   Type           Power      Damage    Failure   Level
 Dazzling Flash           Conj/Hex       80%        N/A       1%          3
 Inner Flame              Hex/Fire       40%        N/A       1%          3
 Blink                    Tloc           44%        N/A       3%          2
 Fulminant Prism          Conj/Hex       20%        3d13      3%          4
 Lesser Beckoning         Tloc           22%        N/A       6%          3
 Beastly Appendage        Tmut           8%         N/A       13%         1
 Foxfire                  Conj/Fire      16%        2x1d4     13%         1
 Magic Dart               Conj           16%        1d3       13%         1
 Poisonous Vapours        Pois/Air       8%         N/A       19%         2
 Scorch                   Fire           8%         2d5       19%         2
 Searing Ray              Conj           8%         2d4       19%         2
 Wereblood                Tmut           4%         N/A       19%         2
 Conjure Flame            Conj/Fire      4%         6-21      36%         3
 Ignite Poison            Fire/Tmut/Pois 4%         N/A       36%         3
 Spider Form              Tmut/Pois      4%         N/A       36%         3
 Iskenderun's Mystic Bla  Conj/Tloc      13%        2d5       45%         4
 Manifold Assault         Tloc           22%        N/A       50%         5
 Animate Armour           Summ/Erth      8%         N/A       77%         4
 Corpse Rot               Necr/Pois/Air  4%         N/A       77%         4
 Flame Wave               Conj/Fire      4%         2d5       77%         4
 Sticky Flame             Conj/Fire      4%         2d3       77%         4
 Blade Hands              Tmut           2%         N/A       98%         5
 Borgnjor's Vile Clutch   Necr/Erth      2%         N/A       98%         5
 Fireball                 Conj/Fire      2%         3d4       98%         5
 Lee's Rapid Deconstruct  Erth           2%         3d5*      98%         5
 Iron Shot                Conj/Erth      2%         9d2       100%        6


Dungeon Overview and Level Annotations

Branches:
Dungeon (12/15)            Temple (1/1) D:7            Lair (1/5) D:11
    Orc (0/2) D:9         Gauntlet (1/1)

Altars:
Ashenzari
Cheibriados
Dithmenos
Elyvilon
Fedhas
Gozag
Hepliaklqana
Kikubaaqudgha
Makhleb
Nemelex Xobeh
Okawaru
Qazlal
Ru
Sif Muna
Trog
Uskayaw
Vehumet
Wu Jian
Xom
Yredelemnul
Zin
The Shining One

Shops:
D:4 [   D:5 :   D:7 (?*?[   D:8 [:!

Annotations:
D:10 Joseph
D:12 Azrael Gauntlet 3 transporters, exclusion: ice statue


Innate Abilities, Weirdness & Mutations

You are very small and have problems with some larger weapons.
You are too small for most types of armour.
You have supernaturally acute eyesight. (SInv)
You cover ground extremely quickly. (Speed+++)


Message History

Confirm with . or Enter, or press ? or * to list all spells.
Aiming: Ensorcelled Hibernation (safe; 1% risk of failure)
Press: ? - help, Shift-Dir - straight line, f/p - minotaur
Aim: a minotaur, wielding the +5 sword of Power {vorpal}, wearing a +0 chain mail and quivering javelins (chance to affect: 7%)
Okay, then.
Unknown command.
Casting: Ensorcelled Hibernation (safe; 1% risk of failure)
Confirm with . or Enter, or press ? or * to list all spells.
Aiming: Tukima's Dance (safe; 1% risk of failure)
Press: ? - help, Shift-Dir - straight line, f/p - minotaur
Aim: a minotaur, wielding the +5 sword of Power {vorpal}, wearing a +0 chain mail and quivering javelins (chance to affect: 15%)
The +5 sword of Power {vorpal} dances into the air!
You hit the minotaur but do no damage.
The minotaur is poisoned.
The minotaur hits you! The minotaur gores you!
* * * LOW HITPOINT WARNING * * *
Unknown command.
The minotaur throws a javelin.
The javelin pierces through you!
* * * LOW HITPOINT WARNING * * *
Your +5 sword of Power {vorpal} hits something.
You feel much better.
You puncture the minotaur!
The minotaur looks as sick as possible!
The minotaur is moderately wounded.
You block the minotaur's attack. The minotaur gores you.
You hit the minotaur but do no damage.
The minotaur looks as sick as possible!
The minotaur is moderately wounded.
You block the minotaur's attack. The minotaur barely misses you.
Your +5 sword of Power {vorpal} hits the minotaur!
You hit the minotaur.
The minotaur looks as sick as possible!
The minotaur is severely wounded.
The minotaur completely misses you. The minotaur barely misses you.
You puncture the minotaur!
The minotaur looks as sick as possible!
The minotaur is severely wounded.
Your +5 sword of Power {vorpal} hits the minotaur.
The minotaur completely misses you. The minotaur gores you.
You closely miss the minotaur.
The minotaur is almost dead.
You hit the minotaur but do no damage.
The minotaur looks as sick as possible!
The minotaur is almost dead.
The minotaur hits you!!
You die...

#########
#.....@.#
#.#####H#
##.#⌠.⌠#(##
###..#.∩....#
#.#.##⌠.⌠##.#
#.#.##### .#
#...# .#
#.###########.#
#.............#


You could see a minotaur (extremely poisoned, ally target) and a friendly +5
sword of Power {vorpal}.

Vanquished Creatures
  Harold (D:10)
  A hydra (Lair:1)
  3 death yaks (D:11)
  Sonja (D:10)
  Pikel (D:6)
  An orange crystal statue (Gauntlet)
  An ugly thing (D:11)
  A black mamba (Lair:1)
  2 rime drakes (Gauntlet)
  Psyche (D:9)
  4 kobold demonologists (D:11)
  An unseen horror (D:11)
  An unseen horror zombie (D:10)
  A komodo dragon (D:11)
  A hornet (shapeshifter) (Gauntlet)
  A troll (D:8)
  Grinder (D:3)
  A wyvern (D:9)
  Eustachio (D:4)
  A fire elemental (D:11)
  9 yaks
  2 steam dragons
  2 vampire mosquitoes (D:11)
  2 acid dragons
  3 water moccasins
  A hell hound (D:12)
  2 black bears (D:8)
  3 orc warriors
  3 ice beasts
  5 centaurs
  3 lemures
  A phantom (D:6)
  14 kobold brigands
  7 bullfrogs
  4 scorpions
  5 necrophages
  9 wights
  7 killer bees (D:8)
  5 howler monkeys
  An electric eel (Lair:1)
  4 centaur zombies (D:10)
  A human zombie (D:10)
  3 jellies
  7 orc priests
  Crazy Yiuf (D:7)
  3 hounds (D:5)
  A gnoll bouda (D:9)
  9 orc wizards
  Ijyb (D:3)
  Natasha (thrice) (D:3)
  An iguana (D:5)
  2 hell rats (D:11)
  A howler monkey zombie (D:10)
  12 gnolls
  A river rat (D:11)
  6 adders
  A shadow imp (D:7)
  2 white imps
  3 ufetubi
  3 worms
  A dart slug (D:4)
  28 orcs
  7 bats
  5 endoplasms
  5 giant cockroaches
  6 goblins
  3 hobgoblins
  4 jackals
  A quokka (D:4)
  A ball python (D:4)
  43 kobolds
  2 rats
285 creatures vanquished.

Vanquished Creatures (collateral kills)
  A wight (D:9)
1 creature vanquished.

Vanquished Creatures (others)
  3 fungi
  13 plants
16 creatures vanquished.

Grand Total: 302 creatures vanquished

Notes
Turn   | Place    | Note
-------+----------+-------------------------------------------
     0 | D:1      | sweetbreads the Spriggan Enchanter began the quest for the
                  | Orb.
     0 | D:1      | Reached XP level 1. HP: 9/9 MP: 5/5
    31 | D:1      | Reached XP level 2. HP: 6/13 MP: 6/6
    35 | D:1      | Learned a level 2 spell: Ensorcelled Hibernation
   435 | D:2      | Found a blossoming altar of Fedhas.
   624 | D:1      | Reached skill level 5 in Stealth
  1362 | D:2      | Reached skill level 4 in Hexes
  1428 | D:2      | Reached XP level 3. HP: 15/16 MP: 1/8
  1846 | D:2      | Learned a level 3 spell: Confusing Touch
  1848 | D:2      | Learned a level 1 spell: Beastly Appendage
  1973 | D:3      | Reached XP level 4. HP: 21/21 MP: 10/10
  2351 | D:3      | Noticed Grinder
  2355 | D:3      | Paralysed by Grinder for 4 turns
  2928 | D:4      | Learned a level 3 spell: Tukima's Dance
  3044 | D:4      | Identified the +7 rapier of the Inviting Gods {venom, rN+}
  3129 | D:4      | Found Cusiobi's Armour Shop.
  3160 | D:4      | Noticed Eustachio
  3284 | D:4      | Noticed an ice beast
  3287 | D:4      | Killed an ice beast
  3288 | D:4      | Reached XP level 5. HP: 24/24 MP: 11/11
  3299 | D:3      | Noticed Natasha
  3304 | D:3      | Killed Natasha
  3831 | D:4      | Reached skill level 5 in Hexes
  3831 | D:4      | Reached XP level 6. HP: 24/28 MP: 13/13
  3925 | D:3      | Noticed Natasha
  3932 | D:3      | Killed Natasha
  3950 | D:3      | Noticed Ijyb
  4179 | D:3      | Killed Ijyb
  4447 | D:3      | Found a radiant altar of Vehumet.
  4611 | D:3      | Noticed Natasha
  4817 | D:4      | Killed Eustachio
  4818 | D:4      | Reached skill level 7 in Hexes
  4989 | D:5      | Entered Level 5 of the Dungeon
  5075 | D:5      | Reached XP level 7. HP: 29/32 MP: 9/14
  5159 | D:5      | Found Eqyarania's Vocational Training.
  5175 | D:5      | Found a white marble altar of Elyvilon.
  5511 | D:5      | Reached skill level 8 in Hexes
  6302 | D:5      | Reached XP level 8. HP: 23/36 MP: 12/15
  6553 | D:6      | Noticed Pikel
  6691 | D:6      | Reached skill level 9 in Hexes
  6910 | D:7      | Found Huin's Antique Weapon Emporium.
  6921 | D:7      | Found a shadowy altar of Dithmenos.
  7242 | D:6      | Reached skill level 1 in Fighting
  7255 | D:6      | Reached skill level 5 in Short Blades
  7734 | D:6      | Killed Pikel
  7735 | D:6      | Reached skill level 10 in Hexes
  7984 | D:6      | Reached XP level 9. HP: 42/42 MP: 16/16
  8762 | D:7      | Found Ekluiput's Magic Scroll Boutique.
  8925 | D:7      | Found a staircase to the Ecumenical Temple.
  8948 | D:7      | Found Koudaet's Magic Scroll Emporium.
  8954 | Temple   | Entered the Ecumenical Temple
  9303 | D:7      | Reached skill level 11 in Hexes
  9320 | D:7      | Found Tosugas's Assorted Antiques.
  9474 | D:7      | Found a runed translucent door.
  9474 | D:7      | Identified the +9 hammer of the Endless Expanse {flame,
                  | rElec}
  9475 | D:7      | Noticed Crazy Yiuf
  9481 | D:7      | Killed Crazy Yiuf
  9879 | D:7      | Found Caogav's Armour Shoppe.
  9884 | D:7      | Bought a +1 cloak of preservation for 214 gold pieces
  9971 | D:8      | Reached skill level 12 in Hexes
 10126 | D:8      | Noticed a troll
 10137 | D:8      | Killed a troll
 10177 | D:8      | Reached XP level 10. HP: 36/49 MP: 17/17
 10524 | D:8      | Reached skill level 13 in Hexes
 11180 | D:8      | Found Eraablin's Distillery.
 11598 | D:8      | Found Ruxea's Antique Armour Boutique.
 11607 | D:8      | Bought a pair of twisted gloves for 275 gold pieces
 11607 | D:8      | Identified the +1 pair of gloves of Patterns {MP-9 Str+6}
                  | (You bought it in a shop on level 8 of the Dungeon)
 11718 | D:8      | Reached skill level 14 in Hexes
 11732 | D:8      | Bought a potion of curing for 48 gold pieces
 11856 | D:8      | Found Salo's Book Boutique.
 12066 | D:8      | Identified the ring of Syutib {+Blink rC+ rCorr Int+3
                  | Stlth+}
 12374 | D:9      | Noticed Psyche
 12380 | D:9      | Killed Psyche
 12452 | D:9      | Found a staircase to the Orcish Mines.
 12761 | D:9      | Reached skill level 15 in Hexes
 13198 | D:10     | Entered Level 10 of the Dungeon
 13204 | D:10     | Noticed Joseph
 13571 | D:10     | Found a burning altar of Makhleb.
 13573 | D:10     | Noticed an Executioner
 13574 | D:10     | Found a glowing silver altar of Zin.
 13574 | D:10     | Noticed an angel
 13659 | D:10     | Reached skill level 16 in Hexes
 13785 | D:10     | Found a broken altar of Ashenzari.
 13900 | D:10     | Reached XP level 11. HP: 53/53 MP: 15/18
 13926 | D:10     | Noticed Sonja
 14010 | D:10     | Noticed Harold
 14040 | D:10     | Killed Harold
 14285 | D:10     | Found an iron altar of Okawaru.
 14929 | D:10     | Found a basalt altar of Yredelemnul.
 14942 | D:10     | Reached skill level 17 in Hexes
 15124 | D:10     | Learned a level 3 spell: Portal Projectile
 15744 | D:3      | Killed Natasha
 15778 | D:3      | Paralysed by Grinder for 3 turns
 15785 | D:3      | Killed Grinder
 16383 | D:11     | Reached skill level 1 in Translocations
 16453 | D:11     | Got Wafi's Treatise on Telluric Kindling
 16657 | D:11     | Noticed a death yak
 16700 | D:11     | Noticed a death yak
 16750 | D:11     | Noticed a purple ugly thing
 17104 | D:11     | Reached skill level 5 in Dodging
 17314 | D:11     | Killed a purple ugly thing
 17315 | D:11     | Reached skill level 5 in Fighting
 17676 | D:11     | Found a staircase to the Lair.
 17679 | D:11     | Noticed a death yak
 17762 | D:11     | Killed a death yak
 17848 | D:11     | Killed a death yak
 17849 | D:11     | Reached skill level 18 in Hexes
 17995 | D:11     | Killed a death yak
 18205 | D:12     | Noticed Azrael
 18611 | D:10     | Killed Sonja
 18612 | D:10     | Reached XP level 12. HP: 60/60 MP: 19/19
 19348 | Lair:1   | Entered Level 1 of the Lair of Beasts
 19350 | Lair:1   | Noticed a four-headed hydra
 19606 | Lair:1   | Killed a four-headed hydra
 19726 | Lair:1   | Found a gate leading to a gauntlet.
 19735 | Gauntlet | Entered a Gauntlet
 19735 | Gauntlet | Found a transporter.
 19735 | Gauntlet | Found a transporter.
 19737 | Gauntlet | Found a transporter.
 19746 | Gauntlet | Found a transporter.
 19763 | Gauntlet | HP: 3/61 [poisoned by a hornet]
 20059 | Gauntlet | Found a transporter.
 20069 | Gauntlet | Found a transporter.
 20202 | Gauntlet | Found a transporter.
 20457 | Gauntlet | Identified the ring of Niterem {Will+ rCorr}
 20465 | Gauntlet | Found a transporter.
 20495 | Gauntlet | Identified the +0 pair of boots "Wadweh" {Will- rCorr Str+5
                  | Int+4}
 20495 | Gauntlet | Noticed an entropy weaver
 20501 | Gauntlet | Found a transporter.
 20520 | Gauntlet | Noticed a minotaur
 20542 | Gauntlet | Mangled by a minotaur

Illustrated notes

Levels and vault maps discovered:
D:1:      denvon_arrival_planthouse, layout_loops_ring, moated_statue,
          minmay_tromino_i4
D:2:      layout_basic, basic_altar, minmay_tree_intersection
D:3:      layout_basic, amcnicky_altar_gilded, serial_forest,
          infiniplex_forest_lined_2, infiniplex_forest_lined_ring,
          infiniplex_forest_end_1, infiniplex_forest_lined_corner,
          infiniplex_forest_diagonal, infiniplex_forest_straight_2,
          infiniplex_forest_clump_small, infiniplex_forest_lined_corner,
          uniq_ijyb, uniq_natasha, uniq_grinder
D:4:      layout_loops_corners, kennysheep_cluttered_room, kennysheep_diamond,
          uniq_eustachio
D:5:      layout_rooms, mainiacjoe_overflow_chevrons, nicolae_shop_vocational
D:6:      minmay_inner_zag, layout_cave_pools, serial_co_window_serial,
          co_window_cross_1, co_window_of_opportunity_a, co_window_corner_a,
          co_window_corner_a, co_window_corner_a, co_window_corner_cb,
          co_window_of_opportunity_c, co_window_of_opportunity_b,
          co_window_2corner, co_window_cross_3, co_window_corner_cb,
          co_window_paths_d, glass_columns_c, glass_columns_a, glass_columns_c,
          glass_columns_b, kennysheep_generic_room_3, uniq_pikel
D:7:      layout_gridville, grunt_dithmenos_smoke, minmay_temple_entry_statues,
          serial_shops, nicolae_stop_n_shop_2, shop, shop,
          kennysheep_little_box, nicolae_shop_overgrown_old_shop, serial_rivers,
          chequers_serial_rivers_room_a, chequers_serial_rivers_micro_e,
          chequers_serial_rivers_micro_c, chequers_serial_rivers_small_3,
          chequers_serial_rivers_large_b, chequers_serial_rivers_micro_c,
          uniq_crazy_yiuf_cottage
D:8:      minmay_four_partial_circles, layout_rooms, serial_shops,
          shop_fountains, shop, nicolae_shop_waterfront, hex_intersection,
          minivault_10, small_statue_intersection, nicolae_fountain_basement
D:9:      layout_loops_ring, david_orc_2, uniq_psyche
D:10:     layout_rooms, grunt_temple_overflow_order_and_chaos_2,
          nicolae_overflow_crystal_walls, lemuel_mausoleum_altar_yredelemnul,
          mainiacjoe_overflow_six_doors_small, uniq_joseph, uniq_harold,
          uniq_sonja
D:11:     layout_small_grid, dpeg_lair_monsters
D:12:     layout_irregular_city, minivault_11, bh_walls_and_bars, uniq_azrael
Temple:   eino_narrow_crystal_temple
Lair:1:   layout_gridlike, gauntlet_entry_generic
Gauntlet: minmay_gauntlet_mixed_big_or_small
          [gammafunk_gauntlet_arena_split_diamond,
          minmay_gauntlet_arena_77_radiant_squares,
          gammafunk_gauntlet_arena_arrow_garden,
          minmay_gauntlet_arena_77_checkered, gammafunk_gauntlet_arena_grid,
          minmay_gauntlet_arena_77_two_lines, dreamdust_gauntlet_exit_labyrinth]

Skill      XL: |  1  2  3  4  5  6  7  8  9 10 11 12 |
---------------+-------------------------------------+-----
Spellcasting   | 3 4 |  4.0
Stealth        | 5 7 8 |  8.0
Hexes          | 4 5 7 8 10 12 16 18 | 18.0
Dodging        | 3 4 7 8 |  8.3
Short Blades   | 2 4 6 8 |  8.0
Fighting       | 1 3 4 5 6 |  6.2
Translocations | 3 4 |  4.5
Throwing       | |  0.4

Action                   |  1- 3 |  4- 6 |  7- 9 | 10-12 || total
-------------------------+-------+-------+-------+-------++-------
Melee: Dagger            |    73 |    41 |       |       ||   114
       Rapier            |       |    62 |   262 |   444 ||   768
       Punch             |       |     1 |     1 |     5 ||     7
Throw: Dart              |       |       |     6 |    79 ||    85
 Cast: Ensorcelled Hiber |    18 |    11 |    32 |    47 ||   108
       Tukima's Dance    |       |       |       |     5 ||     5
       Portal Projectile |       |       |       |     7 ||     7
       Confusing Touch   |       |       |       |     4 ||     4
  Use: Scroll            |       |     3 |     9 |     8 ||    20
       Potion            |       |       |       |     4 ||     4
 Stab: Sleeping          |    14 |    11 |    33 |    41 ||    99
       Distracted        |       |     1 |     1 |     2 ||     4
       Confused          |       |       |       |     1 ||     1
Armor: Robe              |    16 |    12 |    15 |    56 ||    99
Dodge: Dodged            |    64 |    57 |   150 |   282 ||   553
Block: Other             |    10 |    25 |    44 |    61 ||   140
       Reflection        |       |       |       |     4 ||     4
